 Dungeon Crawl Stone Soup version 0.30-a0-29-g142975f185 (webtiles) character file.

Game seed: 16988025254804537627

2226 robertstho the Magician (level 8, -2/66 HPs)
             Began as a Demigod Fire Elementalist on Aug 26, 2022.
             Slain by an orc warrior
             ... wielding a +1 glaive of protection
              (8 damage)
             ... on level 6 of the Dungeon.
             The game lasted 00:09:25 (6273 turns).

robertstho the Magician (Demigod Fire Elementalist) Turns: 6273, Time: 00:09:25

Health: -2/66      AC:  5    Str: 15    XL:     8   Next: 90%
Magic:  10/22      EV: 12    Int: 31    God:
Gold:   441        SH:  0    Dex: 12    Spells: 11/21 levels left

rFire   + . .      SeeInvis +    D - +2 short sword (vamp)
rCold   + + +      Faith    .    (no shield)
rNeg    . . .      Spirit   .    s - +2 robe "Sauzufadgh" {Rampage rC++ Dex-2 SInv}
rPois   +          Reflect  .    (no helmet)
rElec   .          Harm     .    z - +0 cloak
rCorr   .          Rampage  +    (no gloves)
Will    +....                    (no boots)
Stlth   ++........               h - amulet of magic regeneration
HPRegen 0.21/turn                o - ring of willpower
MPRegen 0.58/turn                u - ring "Gyrhovvo" {Drain rPois rF+ rC+ Str+6 Int+6}

@: no status effects
A: high MP 1, forlorn, divine attributes
a: no special abilities


You were on level 6 of the Dungeon.
You visited 1 branch of the dungeon, and saw 7 of its levels.
You also visited: Sewer.

You collected 441 gold pieces.

Inventory:

Hand Weapons
 D - a +2 vampiric short sword (weapon)
Armour
 a - a +0 robe
 m - a +0 kite shield
 s - the +2 robe "Sauzufadgh" (worn) {Rampage rC++ Dex-2 SInv}
   (You found it on level 3 of the Dungeon)

   Dex:       It affects your dexterity (-2).
   rC:        It greatly protects you from cold.
   SInv:      It lets you see invisible.
   Rampage:   It bestows one free step when moving towards enemies.
 z - a +0 cloak (worn)
 C - +0 steam dragon scales
 F - a +0 buckler
Magical Staves
 k - a staff of air
Jewellery
 h - an amulet of magic regeneration (around neck)
 o - a ring of willpower (left hand)
 u - the ring "Gyrhovvo" (right hand) {Drain rPois rF+ rC+ Str+6 Int+6}
   (You found it on level 4 of the Dungeon)

   [ring of intelligence]

   Str:       It affects your strength (+6).
   Int:       It affects your intelligence (+6).
   rF:        It protects you from fire.
   rC:        It protects you from cold.
   rPois:     It protects you from poison.
   Drain:     It drains your maximum health when unequipped.
 y - a ring of positive energy
 B - an amulet of guardian spirit
Wands
 j - a wand of quicksilver (12)
Scrolls
 c - 3 scrolls of teleportation
 f - a scroll of magic mapping
 l - a scroll of enchant weapon {unknown}
 p - a scroll of butterflies {unknown}
 q - 2 scrolls of enchant armour {unknown}
 r - a scroll of blinking
 t - 2 scrolls of fear {unknown}
 v - a scroll of noise {unknown}
 w - a scroll of immolation {unknown}
 x - a scroll of brand weapon {unknown}
 A - 3 scrolls of identify
 E - a scroll of torment {unknown}
 G - a scroll of vulnerability {unknown}
Potions
 b - 2 potions of magic
 d - 4 potions of berserk rage
 e - a potion of invisibility {unknown}
 g - a potion of brilliance {unknown}
 i - 2 potions of curing {unknown}
 n - a potion of flight


   Skills:
 * Level 4.2 Fighting
 + Level 2.2 Dodging
 + Level 2.7 Stealth
 * Level 7.1 Spellcasting
 + Level 3.1 Conjurations
 + Level 6.0 Fire Magic


You had 11 spell levels left.
You knew the following spells:

 Your Spells              Type           Power      Damage    Failure   Level
a - Foxfire               Conj/Fire      100%       2x1d9     1%          1
b - Scorch                Fire           96%        2d9       1%          2
c - Conjure Flame         Conj/Fire      39%        6-21      1%          3
d - Flame Wave            Conj/Fire      39%        2d11      7%          4

Your spell library contained the following spells:

 Spells                   Type           Power      Damage    Failure   Level
 Inner Flame              Hex/Fire       30%        N/A       3%          3


Dungeon Overview and Level Annotations

Branches:
Dungeon (7/15)             Temple (0/1) D:7           Sewer (visited)

Shops:
D:7 =


Innate Abilities, Weirdness & Mutations

You have an increased reservoir of magic. (+10% MP)
You shall have no god before yourself.
Your divine heritage dramatically boosts your attributes as you level up.


Message History

Unknown command.
A wave of flame ripples out!
The flame wave engulfs the orc warrior but does no damage.
The orc warrior is heavily wounded.
The flame wave engulfs the wight!
You destroy the wight!
The flame wave engulfs the wight!
The wight is severely damaged.
The flame wave engulfs the wight!
The wight is almost destroyed.
You finish channelling waves of flame.
You hear a loud, deep croak!
A wight opens the door.
The orc warrior misses you.
Your life force feels restored.
Unknown command.
Casting: Flame Wave (dangerous; 7% risk of failure)
Confirm with . or Enter, or press ? or * to list all spells.
Casting: Flame Wave (dangerous; 7% risk of failure)
Press: ? - help, Dir - look around, f - activate A wave of flame ripples out!
The flame wave engulfs the orc warrior but does no damage.
The orc warrior is heavily wounded. (Press . to intensify the flame waves.)
The wight closely misses you.
The orc warrior hits you with a +1 glaive of protection!
* * * LOW HITPOINT WARNING * * *
Unknown command.
Unknown command.
A wave of flame ripples out!
The flame wave engulfs the wight!
You destroy the wight!
The flame wave engulfs the wight.
You destroy the wight!
The flame wave engulfs the orc warrior but does no damage.
The orc warrior is heavily wounded.
The flame wave engulfs the wight!
The wight is almost destroyed.
The wight hits you from afar with a +0 halberd!
* * * LOW HITPOINT WARNING * * *
The orc warrior hits you with a +1 glaive of protection!
You die...

##### ##... z..
#.#'##'#####.#
#...))@)))....
#....).o.....#
............(..
..............#
.##...........#
#............
#..........##
#..........#
#########


You could see an orc warrior and a wight.

Vanquished Creatures
  Pikel (D:7)
  A steam dragon (D:7)
  Pargi (Sewer)
  An orc warrior (D:7)
  A centaur (D:7)
  A lemure (D:7)
  A kobold brigand (D:7)
  A gnoll sergeant (D:7)
  A scorpion (D:4)
  8 wights
  4 howler monkeys (D:7)
  4 hounds
  A jelly (D:7)
  2 orc priests
  Jessica (D:2)
  Terence (D:2)
  Natasha (twice) (D:2)
  2 iguanas
  3 orc wizards
  12 gnolls
  5 adders
  A white imp (D:7)
  4 ufetubi
  A worm (D:5)
  3 dart slugs
  6 orcs
  11 bats
  7 endoplasms
  4 giant cockroaches
  3 goblins
  6 hobgoblins
  6 quokkas
  7 ball pythons
  3 frilled lizards
  14 kobolds
  5 rats
135 creatures vanquished.

Vanquished Creatures (others)
  437 foxfires
437 creatures vanquished.

Grand Total: 572 creatures vanquished

Notes
Turn   | Place    | Note
-------+----------+-------------------------------------------
     0 | D:1      | robertstho the Demigod Fire Elementalist began the quest
                  | for the Orb.
     0 | D:1      | Reached XP level 1. HP: 14/14 MP: 5/5
   703 | D:1      | Reached XP level 2. HP: 20/20 MP: 4/7
   820 | D:1      | Reached skill level 2 in Spellcasting
  1066 | D:1      | You fall into a shaft and drop 1 floor!
  1146 | D:1      | Reached skill level 1 in Conjurations
  1149 | D:1      | Learned a level 2 spell: Scorch
  1403 | D:1      | Reached XP level 3. HP: 27/27 MP: 5/8
  1955 | D:2      | Noticed Jessica
  1963 | D:2      | Killed Jessica
  1990 | D:2      | Reached skill level 1 in Fighting
  2026 | D:2      | Reached skill level 3 in Spellcasting
  2026 | D:2      | Reached XP level 4. HP: 29/35 MP: 3/11
  2305 | D:2      | Noticed Natasha
  2308 | D:2      | Killed Natasha
  2406 | D:2      | Noticed Natasha
  2410 | D:2      | Killed Natasha
  2482 | D:2      | Noticed Terence
  2492 | D:2      | Killed Terence
  2493 | D:2      | Reached XP level 5. HP: 40/40 MP: 9/13
  2557 | D:3      | Found a glowing drain.
  2567 | Sewer    | Entered a sewer
  2600 | Sewer    | Noticed Pargi
  2615 | Sewer    | Killed Pargi
  2616 | Sewer    | Reached skill level 4 in Spellcasting
  2616 | Sewer    | Reached XP level 6. HP: 42/48 MP: 7/15
  2978 | D:3      | Identified the +2 robe "Sauzufadgh" {Rampage rC++ Dex-2
                  | SInv}
  3467 | D:4      | Identified the ring "Gyrhovvo" {Drain rPois rF+ rC+ Str+6
                  | Int+6}
  3864 | D:4      | Noticed a +0 dagger
  3864 | D:4      | Noticed a +0 dagger
  3986 | D:4      | Reached XP level 7. HP: 56/56 MP: 13/17
  4067 | D:4      | Reached skill level 5 in Spellcasting
  4351 | D:5      | Entered Level 5 of the Dungeon
  4407 | D:5      | Learned a level 3 spell: Conjure Flame
  4412 | D:5      | Learned a level 4 spell: Flame Wave
  4850 | D:6      | Noticed a yak
  4850 | D:6      | Noticed a yak
  4850 | D:6      | Noticed a yak
  4851 | D:6      | Noticed a yak
  4851 | D:6      | Noticed a yak
  4864 | D:7      | Found a staircase to the Ecumenical Temple.
  4868 | D:7      | Noticed a steam dragon
  4881 | D:7      | Killed a steam dragon
  4948 | D:7      | Noticed Pikel
  4956 | D:7      | Killed Pikel
  4957 | D:7      | Reached skill level 6 in Spellcasting
  4957 | D:7      | Reached skill level 5 in Fire Magic
  4957 | D:7      | Reached XP level 8. HP: 47/63 MP: 10/21
  5574 | D:7      | Found Nuf Xeaz's Jewellery Shop.
  5858 | D:7      | Reached skill level 7 in Spellcasting
  6273 | D:6      | Slain by an orc warrior

Illustrated notes

Levels and vault maps discovered:
D:1:      saegor_arrival_simple_a, layout_loops_ring, hangedman_decor_points
D:2:      layout_loops_ring, serial_park_tiny_pond, uniq_jessica, uniq_natasha,
          uniq_terence
D:3:      layout_rooms, portal_sewer_entry_d, chequers_arboretum
D:4:      layout_loops_ring, nemelex_xobeh_ov_fountains_minmay,
          dancing_weapons_uskayaw, serial_co_window_serial, co_window_paths_b,
          co_window_paths_b, co_window_of_opportunity_a, co_window_paths_a,
          co_window_paths_b, co_window_corner_cb, co_window_paths_c,
          co_window_broadway_a, co_window_unsneaky_path_b, co_window_broadway_c,
          co_window_paths_c, co_window_paths_d, glass_columns_c,
          glass_columns_b, cheibrodos_gnoll_hut
D:5:      layout_rooms
D:6:      layout_basic, ebering_ghost_inner_flame
D:7:      layout_loops_corners, grunt_temple_overflow_open,
          minmay_temple_entry_large_hall, serial_shops, shop,
          small_statue_alley_b, uniq_pikel

Skill      XL: |  1  2  3  4  5  6  7  8 |
---------------+-------------------------+-----
Fire Magic     | 3 4 5 6 |  6.0
Spellcasting   | 2 3 4 6 7 |  7.1
Conjurations   | 1 2 3 |  3.1
Stealth        | 2 |  2.7
Fighting       | 1 2 3 4 |  4.2
Dodging        | 2 |  2.2

Action                   |  1- 3 |  4- 6 |  7- 9 || total
-------------------------+-------+-------+-------++-------
Melee: Unarmed           |     6 |       |       ||     6
       Staff             |     1 |     2 |       ||     3
 Cast: Foxfire           |    92 |    93 |    88 ||   273
       Scorch            |     9 |    47 |    29 ||    85
       Flame Wave        |       |       |     8 ||     8
  Use: Scroll            |       |     2 |     3 ||     5
Armor: Robe              |     7 |    11 |     7 ||    25
Dodge: Dodged            |    19 |    41 |    29 ||    89

Table legend: (Time is in decaauts)
 A = Elapsed time spent in this place.
 B = Non-inter-level travel time spent in this place.
 C = Inter-level travel time spent in this place.
 D = Time resting spent in this place.
 E = Time spent auto-exploring this place.
 F = Levels seen in this place.
 G = Mean time per level.
                   A        B        C        D        E       F      G
               +--------+--------+--------+--------+--------+-----+--------+
         Total |   6278 |   6116 |    162 |     22 |   5183 |   8 |  784.8 |
       Dungeon |   6139 |   5977 |    162 |     22 |   5095 |   7 |  877.0 |
         Sewer |    138 |    138 |      0 |      0 |     88 |   1 |  138.0 |
               +--------+--------+--------+--------+--------+-----+--------+

Top non-repeatable levels by time:
     D:1: 1720 daAuts
     D:7: 1409 daAuts
     D:4: 1071 daAuts
     D:2: 792 daAuts
     D:3: 634 daAuts
     D:5: 432 daAuts
   Sewer: 138 daAuts
     D:6: 78 daAuts
